 Dungeon Crawl Stone Soup version 0.18-a0-739-gdae9da8 (webtiles) character file.

431 cluie the Skirmisher (level 6, 0/49 HPs)
             Began as a Demonspawn Assassin on Dec 10, 2015.
             Was an Initiate of Dithmenos.
             Killed by divine providence
             ... invoked by an orc priest
              (10 damage)
             ... on level 5 of the Dungeon.
             The game lasted 00:06:18 (1020 turns).

cluie the Skirmisher (Demonspawn Assassin)          Turns: 1020, Time: 00:06:18

Health: 0/49       AC: 14    Str: 12      XL:     6   Next: 66%
Magic:  6/6        EV: 15    Int: 13 (14) God:    Dithmenos [......]
Gold:   89         SH:  0    Dex: 16      Spells: 0 memorised, 5 levels left

rFire  . . .     SeeInvis .     a - +1 short sword (protect)
rCold  . . .     Clarity  .     c - +0 robe
rNeg   . . .     SustAt   .     (no shield)
rPois  .         Gourm    .     h - +0 helmet
rElec  +         Spirit   .     d - +1 cloak
rCorr  .         Dismiss  .     (no gloves)
rMut   .         Stasis   .     (no boots)
MR     .....                    (no amulet)
Stlth  ++++......               (no ring)
                                s - +2 ring of evasion

@: flying, not resistant to hostile enchantments, stealthy
A: talons 1, thin metallic scales 3, clever 1, mutation resistance 1,
nightstalker 1, electricity resistance
a: Renounce Religion


You were on level 5 of the Dungeon.
You worshipped Dithmenos.
Dithmenos was noncommittal.
You were not hungry.

You visited 2 branches of the dungeon, and saw 8 of its levels.

You collected 89 gold pieces.

Inventory:

Hand Weapons
 a - a +1 short sword of protection (weapon)
 b - a +0 blowgun
 m - a +2 dagger
Missiles
 e - 9 poisoned needles
Armour
 c - a +0 robe (worn)
 d - a +1 cloak (worn)
 h - a +0 helmet (worn)
Jewellery
 s - a +2 ring of evasion (left hand)
Scrolls
 j - a scroll of random uselessness {unknown}
 l - a scroll of fear {unknown}
Potions
 o - a potion of brilliance
 p - a potion of haste
Comestibles
 g - 5 bread rations
 i - 2 meat rations
 n - a royal jelly


   Skills:
 * Level 4.5 Fighting
 + Level 2.7 Short Blades
 - Level 1.7 Throwing
 + Level 2.8 Dodging
 + Level 4.4 Stealth
 - Level 2.3 Unarmed Combat


You had 5 spell levels left.
You didn't know any spells.

Dungeon Overview and Level Annotations

Branches:
Dungeon (7/15)             Temple (1/1) D:5

Altars:
Dithmenos
Kikubaaqudgha
Makhleb
Nemelex Xobeh
Sif Muna
Trog
Xom


Innate Abilities, Weirdness & Mutations

You are completely covered in thin metallic scales (AC +4, rElec).
You are slightly more attuned to the shadows.
You have sharp toenails.
Your mind is acute. (Int +2)
You are somewhat resistant to further mutation.
You are resistant to electric shocks.


Message History

The orc priest calls upon Beogh to heal the orc priest.
The orc priest is healed somewhat.
You feel protected!
a - a +1 short sword of protection (weapon)
Unknown command.
You hit the orc priest.
The orc priest is heavily wounded.
The orc priest barely misses you.
Unknown command.
You hit the orc priest.
The orc priest is heavily wounded.
The orc priest looks braver for a moment.
The orc priest completely misses you.
Unknown command.
You barely miss the orc priest.
You claw the orc priest, but do no damage.
The orc priest is severely wounded.
The orc priest calls down the wrath of Beogh upon you.
Something smites you!
You die...

##.......#.# #...#.#
##....###.## #.#.#.#
###.((.## #..# #.#.#.#
###....#(#####.###...#.#
##...#.##{.o###..#..#.#.#
#..##.).oo#.(.##.#.#....# .
#.#....######o##.....#.##
##.#......# ####o##...##..##
...#......###.)@...........#
......§§§..#..###.#........#
..(...§......# #.#..#.....#
..........#### #.....######
........####### ##....#
.##...........# #.....#######
#....<.......# #.#..>......#
#............#...#.........#
...#..........#.............#


You could see 2 orc priests.

Vanquished Creatures
  A sky beast (D:7)
  A giant frog (D:7)
  A centaur zombie (D:5)
  2 hounds (D:4)
  2 orc wizards (D:5)
  An orc priest (D:5)
  2 worker ants (D:4)
  A hound skeleton (D:4)
  An adder (D:2)
  2 worms
  A giant gecko (D:5)
  7 orcs
  3 giant cockroaches
  A giant gecko skeleton (D:5)
  A quokka skeleton (D:4)
  A rat (D:2)
28 creatures vanquished.

Notes
Turn   | Place    | Note
--------------------------------------------------------------
     0 | D:1      | cluie the Demonspawn Assassin began the quest for the Orb.
     0 | D:1      | Reached XP level 1. HP: 16/16 MP: 1/1
     5 | D:2      | Reached skill level 1 in Dodging
     5 | D:2      | Reached skill level 1 in Unarmed Combat
     5 | D:2      | Gained mutation: You are partially covered in thin metallic scales (AC +2). [demonic ancestry]
     5 | D:2      | Reached XP level 2. HP: 22/22 MP: 2/2
   115 | D:4      | Gained mutation: You are mostly covered in thin metallic scales (AC +3). [demonic ancestry]
   115 | D:4      | Reached XP level 3. HP: 26/28 MP: 3/3
   222 | D:4      | Gained mutation: You are slightly more attuned to the shadows. [demonic ancestry]
   222 | D:4      | Reached XP level 4. HP: 14/34 MP: 4/4
   359 | D:4      | Found an ancient bone altar of Kikubaaqudgha.
   359 | D:4      | Found a burning altar of Makhleb.
   397 | D:4      | Reached XP level 5. HP: 29/41 MP: 5/5
   502 | D:5      | Entered Level 5 of the Dungeon
   529 | D:7      | Noticed a sky beast
   540 | D:7      | Killed a sky beast
   540 | D:7      | Reached skill level 4 in Stealth
   550 | D:7      | Gained mutation: Your mind is acute. (Int +2) [mutagenic meat]
   551 | D:7      | Gained mutation: You are resistant to electric shocks. [mutagenic meat]
   552 | D:7      | Gained mutation: You have sharp toenails. [mutagenic meat]
   553 | D:7      | Gained mutation: You are somewhat resistant to further mutation. [mutagenic meat]
   554 | D:7      | NICE
   593 | D:7      | Gained mutation: You are completely covered in thin metallic scales (AC +4, rElec). [demonic ancestry]
   593 | D:7      | Reached XP level 6. HP: 44/48 MP: 6/6
   598 | D:7      | haha what
   750 | D:6      | FUCK
   855 | D:5      | Found a staircase to the Ecumenical Temple.
   865 | Temple   | Entered the Ecumenical Temple
   899 | Temple   | Became a worshipper of Dithmenos the Shadowed
  1020 | D:5      | Killed from afar by an orc priest

Vault maps used:
D:1:      minmay_arrival_floating_metal, hangedman_decor_diamond_cutter
D:2:      forest_paths, st_stairs_11
D:4:      gammafunk_temple_overflow_statue, first_bread,
          hangedman_decor_growths, tgw_fedhas
D:5:      nicolae_gozag_seed_capital, minmay_temple_entry_purple_smoke
D:6:      lemuel_round_altar, minitemple, serial_shops, nicolae_shop_stone,
          nicolae_shop_stone, kennysheep_little_box
D:7:      the_bakery, eino_curves_02, lemuel_statue_altar
Temple:   roderic_octagonal_lattice_temple

Action                   |  1- 3 |  4- 6 || total
-------------------------+-------+-------++-------
Melee: Dagger            |    19 |    16 ||    35
       Short sword       |       |    47 ||    47
 Fire: Blowgun           |     6 |    27 ||    33
  Use: Scroll            |       |     5 ||     5
       Potion            |       |     3 ||     3
 Stab: Sleeping          |     4 |     6 ||    10
  Eat: Chunk             |       |     4 ||     4
